 Dungeon Crawl Stone Soup version 0.24.0-1-gfbc8707122 (webtiles) character file.

Game seed: 7252580905266959426, levelgen mode: deterministic

74 Gumption the Grave Robber (level 4, -4/30 HPs)
             Began as a Human Necromancer on Oct 27, 2019.
             Slain by an orc
             ... wielding a +0 hand axe
              (6 damage)
             ... on level 3 of the Dungeon.
             The game lasted 00:16:31 (1730 turns).

Gumption the Grave Robber (Human Necromancer)       Turns: 1730, Time: 00:16:32

Health: -4/30      AC:  4    Str:  8    XL:     4   Next: 54%
Magic:  0/8        EV: 12    Int: 17    God:
Gold:   34         SH:  0    Dex: 13    Spells: 6/8 levels left

rFire    . . .     SeeInvis .   a - +2 dagger (venom)
rCold    . . .     Gourm    .   (no shield)
rNeg     . . .     Faith    .   o - +0 leather armour
rPois    .         Spirit   .   e - +0 helmet
rElec    .         Reflect  .   (no cloak)
rCorr    .         Harm     .   (no gloves)
MR       .....                  (no boots)
Stlth    ++........             (no amulet)
HPRegen  0.10/turn              (no ring)
MPRegen  0.11/turn              (no ring)

@: very slightly contaminated
A: no striking features
a: no special abilities


You were on level 3 of the Dungeon.
You were not hungry.

You visited 1 branch of the dungeon, and saw 4 of its levels.

You collected 34 gold pieces.

Inventory:

Hand Weapons
 a - a +2 dagger of venom (weapon)
Missiles
 d - 25 stones
 j - 7 silver boomerangs (quivered)
 n - 45 sling bullets
Armour
 e - a +0 helmet (worn)
 o - a +0 leather armour (worn)
Scrolls
 b - 3 scrolls of identify {unknown}
 f - a scroll of blinking {unknown}
 g - a scroll of enchant weapon {unknown}
 i - 2 scrolls of remove curse {unknown}
Potions
 l - 2 potions of curing {unknown}
 m - a potion of degeneration {unknown}
Comestibles
 c - 3 rations


   Skills:
 - Level 2.0 Dodging
 - Level 2.0 Stealth
 + Level 2.8 Spellcasting
 * Level 5.1 Necromancy


You had 6 spell levels left.
You knew the following spells:

 Your Spells              Type           Power        Failure   Level  Hunger
a - Pain                  Necr           ###.         3%          1    #......
b - Animate Skeleton      Necr           N/A          3%          1    #......

Your spell library contained the following spells:

 Spells                   Type           Power        Failure   Level  Hunger
 Vampiric Draining        Necr           ###.......   10%         3    ###....
 Regeneration             Chrm/Necr      ##........   26%         3    ###....
 Animate Dead             Necr           N/A          30%         4    #####..


Dungeon Overview and Level Annotations

Branches:
Dungeon (4/15)
 Temple: D:4-7

Altars:

Annotations:
D:3 Jessica


Message History

The jackal writhes in agony.
You kill the jackal!
The orc shouts!
Casting: Pain (safe; 3% risk of failure)
Confirm with . or Enter, or press ? or * to list all spells.
Aiming: Pain (safe; 3% risk of failure)
Press: ? - help, Shift-Dir - straight line, f - orc
Aim: an orc, wielding a +0 hand axe and wearing a +0 leather armour (chance to defeat MR: 90%)
The orc writhes in agony.
The orc hits you with a +0 hand axe.
* * * LOW HITPOINT WARNING * * *
The orc closely misses you.
Casting: Pain (safe; 3% risk of failure)
Confirm with . or Enter, or press ? or * to list all spells.
You don't have enough magic to cast that spell.
You barely miss the orc. The orc closely misses you.
You hit the orc but do no damage.
The orc is poisoned.
The orc hits you with a +0 hand axe.
* * * LOW HITPOINT WARNING * * *
The orc hits you with a +0 hand axe.
You die...

#.#######
#..##.###.# #.#
##### #..# ......
#.###.... w... .#.
. #........ ...# #
#.###.###
###########.# #.#
#...........###.###
#.#######......)o.#
#.# #######@o.#
##.# ###.# #..# #.#
#..# #h# #..# #..
#..# #.o. #..######
#.... #.......#
#..... #.#####.#
.....g.


You could see 2 orcs.

Vanquished Creatures
  An orc priest (D:3)
  An adder (D:2)
  2 dart slugs
  3 giant cockroaches
  5 goblins
  3 hobgoblins
  2 jackals (D:3)
  3 kobolds (D:1)
  A quokka (D:3)
  2 bats (D:1)
  2 frilled lizards
  6 rats
31 creatures vanquished.

Notes
Turn   | Place    | Note
-------+----------+-------------------------------------------
     0 | D:1      | Gumption the Human Necromancer began the quest for the Orb.
     0 | D:1      | Reached XP level 1. HP: 13/13 MP: 3/3
     2 | D:1      | Learned a level 1 spell: Animate Skeleton
   678 | D:1      | Reached XP level 2. HP: 15/19 MP: 0/5
  1166 | D:1      | Reached XP level 3. HP: 24/24 MP: 4/6
  1526 | D:2      | You fall into a shaft and drop 2 floors!
  1674 | D:3      | Noticed Jessica
  1725 | D:3      | Reached skill level 5 in Necromancy
  1725 | D:3      | Reached XP level 4. HP: 13/30 MP: 3/8
  1730 | D:3      | Slain by an orc

Levels and vault maps discovered:
D:1:      psy_arrival_whirlpool, layout_loops_cross, serial_park_tiny_1
D:2:      layout_loops_ring, st_stairs_9, hangedman_decor_push
D:3:      layout_loops_ring, grunt_temple_overflow_open, led_sif_pool,
          serial_glass, glass_columns_b, glass_columns_c, item_on_display_a,
          feat_on_display, uniq_robin, uniq_natasha, uniq_jessica
D:4:      layout_cave_pools, regret_index_temple_of_mockery, marbit_many_paths

Skill      XL: |  1  2  3 |
---------------+----------+-----
Necromancy     | 5 |  5.1
Dodging        | |  2.0
Stealth        | |  2.0
Spellcasting   | |  2.8

Action                   |  1- 3 |  4- 6 || total
-------------------------+-------+-------++-------
Melee: Hand axe          |    12 |       ||    12
       Dagger            |    17 |     2 ||    19
Throw: Boomerang         |    13 |       ||    13
 Cast: Pain              |    26 |     4 ||    30
       Animate Skeleton  |     1 |       ||     1
  Eat: Chunk             |     3 |       ||     3
Armor: Robe              |     5 |       ||     5
       Leather armour    |    10 |     1 ||    11
Dodge: Dodged            |    30 |     5 ||    35
